 Dungeon Crawl Stone Soup version 0.22-a0-422-g9628fc8 (webtiles) character file.

403 gayrobin the Cudgeler (level 6, -3/43 HPs)
             Began as a Demonspawn Wanderer on May 20, 2018.
             Killed by divine providence
             ... invoked by an orc priest
              (10 damage)
             ... on level 4 of the Dungeon.
             The game lasted 00:24:54 (3743 turns).

gayrobin the Cudgeler (Demonspawn Wanderer)         Turns: 3743, Time: 00:24:55

Health: -3/43      AC:  7    Str: 15    XL:     6   Next: 55%
Magic:  6/6        EV:  9    Int: 12    God:    Xom [.*....]
Gold:   170        SH:  0    Dex: 13    Spells: 5/5 levels left

rFire    . . .     SeeInvis .   c - +1 mace
rCold    . . .     Gourm    .   (no shield)
rNeg     . . .     Faith    .   l - +0 scale mail
rPois    .         Spirit   .   (no helmet)
rElec    .         Reflect  .   (no cloak)
rCorr    .         Harm     .   (no gloves)
MR       .....                  (no boots)
Stlth    ..........             (no amulet)
HPRegen  0.14/turn              (no ring)
MPRegen  0.10/turn              (no ring)

@: no status effects
A: claws 1, foul stench 1, rot immunity
a: Renounce Religion


You were on level 4 of the Dungeon.
You worshipped Xom.
You were a plaything of Xom.
You were not hungry.

You visited 1 branch of the dungeon, and saw 4 of its levels.

You collected 170 gold pieces.

Inventory:

Hand Weapons
 a - a +2 hand crossbow
 c - a +1 mace (weapon)
 i - a +0 short sword
Missiles
 b - 65 bolts
Armour
 l - a +0 scale mail (worn)
Scrolls
 d - a scroll of remove curse
 g - 2 scrolls of teleportation
 h - 2 scrolls of fog {unknown}
 j - a scroll of enchant weapon
 k - a scroll of random uselessness {unknown}
 o - a scroll of amnesia {unknown}
 r - 2 scrolls of identify
Potions
 e - 3 potions of cancellation
 m - a potion of haste
 n - a potion of lignification
 q - a potion of brilliance
 s - a potion of agility {unknown}
 t - a potion of ambrosia
Comestibles
 f - 2 rations


   Skills:
 - Level 1.2 Fighting
   Level 1.7(3.8) Axes
 + Level 5.3(5.5) Maces & Flails
 - Level 1.3 Crossbows
 - Level 1.0 Throwing
 - Level 4.4 Armour
 - Level 1.0 Stealth


You had 5 spell levels left.
You didn't know any spells.
Your spell library was empty.

Dungeon Overview and Level Annotations

Branches:
Dungeon (4/15)
 Temple: D:4-7

Altars:
Dithmenos
Fedhas
Gozag
Ru
Sif Muna
Trog
Vehumet
Xom

Annotations:
D:4 playitleo's ghost, amateur GrFi


Innate Abilities, Weirdness & Mutations

You have sharp fingernails.
You may emit foul miasma when damaged in melee.
You are immune to rotting.


Message History

The orc priest hits you but does no damage.
The orc wizard hits you but does no damage.
The orc barely misses you.
Unknown command.
You completely miss the orc priest.
The orc priest is severely wounded.
The orc barely misses you. The orc priest completely misses you.
The orc priest misses your butterfly. The orc wizard hits you with a dagger.
* * * LOW HITPOINT WARNING * * *
The orc hits you but does no damage.
Unknown command.
You hit the orc priest.
The orc priest is almost dead.
The orc hits you with a flail.
* * * LOW HITPOINT WARNING * * *
The orc wizard hits you but does no damage.
The orc hits you but does no damage.
The orc priest invokes the aid of Beogh against you.
Beogh smites you!
You die...

##########
.....boo.#
(..(..o@.#
......o..#
....b....#
#.....$.......#
#......########
......# .....##
..... ...


You could see an orc priest, an orc wizard and 2 orcs.

Vanquished Creatures
  An ogre (D:4)
  2 hounds
  A centaur skeleton (D:4)
  An orc priest (D:3)
  An orc wizard (D:4)
  2 worker ants
  A hound skeleton (D:4)
  An adder (D:3)
  An ooze (D:3)
  3 worms
  4 dart slugs
  A leopard gecko (D:1)
  5 orcs
  A ball python (D:4)
  7 giant cockroaches
  7 goblins
  9 hobgoblins
  10 jackals
  2 quokkas
  12 bats
  7 frilled lizards
  8 kobolds
  2 quokka zombies (D:4)
  3 rats
92 creatures vanquished.

Vanquished Creatures (collateral kills)
  An orc (D:4)
  A jackal (D:4)
2 creatures vanquished.

Grand Total: 94 creatures vanquished

Notes
Turn   | Place    | Note
-------+----------+-------------------------------------------
     0 | D:1      | gayrobin the Demonspawn Wanderer began the quest for the Orb.
     0 | D:1      | gayrobin set off with: a +2 hand crossbow, 26 bolts, a +0 mace, a +0 ring mail, a ration
     0 | D:1      | Reached XP level 1. HP: 15/15 MP: 1/1
   139 | D:1      | Gained mutation: You are immune to rotting. [demonic ancestry]
   139 | D:1      | Reached XP level 2. HP: 21/21 MP: 2/2
   392 | D:1      | Gained mutation: You may emit foul miasma when damaged in melee. [demonic ancestry]
   392 | D:1      | Reached XP level 3. HP: 24/26 MP: 3/3
   781 | D:2      | Found a faded altar of an unknown god.
   839 | D:2      | Became a worshipper of Xom of Chaos
   953 | D:2      | Reached skill level 1 in Maces & Flails
  1156 | D:2      | XOM: harmless Tmut miscast
  1176 | D:2      | Found a sacrificial altar of Ru.
  1181 | D:2      | Found a shadowy altar of Dithmenos.
  1181 | D:2      | Found a bloodstained altar of Trog.
  1184 | D:2      | Found a blossoming altar of Fedhas.
  1185 | D:2      | Found a deep blue altar of Sif Muna.
  1190 | D:2      | Found a radiant altar of Vehumet.
  1305 | D:2      | XOM: noise
  1847 | D:3      | Reached skill level 2 in Maces & Flails
  1847 | D:3      | Reached XP level 4. HP: 30/32 MP: 4/4
  1887 | D:3      | XOM: butterfly on damage
  1897 | D:3      | Reached skill level 3 in Maces & Flails
  1916 | D:3      | Found an opulent altar of Gozag.
  1936 | D:3      | Reached XP level 5. HP: 14/37 MP: 5/5
  2019 | D:3      | XOM: harmless Summ miscast
  2038 | D:3      | XOM is BORED!
  2038 | D:3      | XOM: mild Air miscast
  2163 | D:3      | XOM: harmless Chrm miscast
  2587 | D:3      | XOM: harmless Conj miscast
  2723 | D:3      | XOM: divination: magic mapping
  2730 | D:3      | XOM: mild Ice miscast
  2736 | D:3      | XOM: cast spell 'Shadow Creatures'
  2926 | D:4      | Reached skill level 4 in Maces & Flails
  3207 | D:4      | Noticed an ogre
  3207 | D:4      | XOM: enchant monster (good)
  3242 | D:4      | XOM: confuse monster(s)
  3244 | D:4      | Killed an ogre
  3244 | D:4      | Reached skill level 5 in Maces & Flails
  3244 | D:4      | Gained mutation: You have sharp fingernails. [demonic ancestry]
  3244 | D:4      | Reached XP level 6. HP: 22/43 MP: 6/6
  3340 | D:4      | XOM: harmless Pois miscast
  3347 | D:4      | XOM: summons 3 friendly demons
  3447 | D:4      | XOM: mild Air miscast
  3517 | D:4      | XOM: harmless Conj miscast
  3522 | D:4      | Noticed playitleo's ghost (amateur GrFi)
  3542 | D:4      | XOM: summons friendly iron imp
  3612 | D:4      | XOM: 2-stop teleportation journey
  3641 | D:4      | XOM: scenery: 1 doors open
  3667 | D:4      | XOM: harmless Summ miscast
  3719 | D:4      | XOM: 3-stop teleportation journey
  3730 | D:4      | XOM: enchant monster (good)
  3731 | D:4      | XOM: butterfly on damage
  3743 | D:4      | Killed from afar by an orc priest

Vault maps used:
D:1:      zelgadis_glass_arrival_large, minmay_bisected
D:2:      minitemple, chequers_ecumenical_altar_island
D:3:      nicolae_gozag_cash_rules_everything_around_me, first_ration
D:4:      enter_ossuary_4, serial_bayou_crossing

Skill      XL: |  1  2  3  4  5 |
---------------+----------------+-----
Armour         | 4 |  4.4
Maces & Flails | 2 3 5 |  5.3
Fighting       | |  1.2
Axes           | |  1.7
Crossbows      | |  1.3
Throwing       | |  1.0
Stealth        | |  1.0

Action                   |  1- 3 |  4- 6 || total
-------------------------+-------+-------++-------
Melee: Mace              |   173 |   187 ||   360
 Fire: Hand crossbow     |    25 |    17 ||    42
  Use: Scroll            |     3 |     7 ||    10
       Potion            |       |     1 ||     1
  Eat: Chunk             |     2 |     1 ||     3
       Ration            |     1 |     1 ||     2
Armor: Ring mail         |    21 |       ||    21
       Scale mail        |    69 |   165 ||   234
Dodge: Dodged            |   101 |   154 ||   255

Table legend:
 A = Spawn XP
 B = Non-spawn XP
 C = Spawn XP percentage of total XP
 D = Spawn monster count
 E = Non-spawn monster count
 F = Spawn count percentage of total count
 G = Total turns spent on level
                    A         B        C        D         E        F      G
               +---------+---------+-------+---------+---------+-------+---------
         Total |       0 |     576 |   0.0 |       0 |      94 |   0.0 |  3743
               +---------+---------+-------+---------+---------+-------+---------
           D:1 |       0 |      49 |   0.0 |       0 |      26 |   0.0 |   764
           D:2 |       0 |      46 |   0.0 |       0 |      22 |   0.0 |  1033
           D:3 |       0 |     180 |   0.0 |       0 |      27 |   0.0 |  1145
           D:4 |       0 |     301 |   0.0 |       0 |      19 |   0.0 |   801
               +---------+---------+-------+---------+---------+-------+---------
